 Dungeon Sprint DCSS version 0.22.1-1-ga44c0e5 (webtiles) character file.

288695 aMcNicky the Axe Maniac (level 18, -29/180 HPs)
             Began as a Minotaur Fighter on Nov 10, 2018.
             Was the Champion of Jiyva.
             Killed from afar by an orb of fire (73 damage)
             ... with a fireball
             ... in the Dungeon (Sprint IX: "|||||||||||||||||||||||||||||").
             The game lasted 00:45:34 (6933 turns).

aMcNicky the Axe Maniac (Minotaur Fighter)          Turns: 6933, Time: 00:45:35

Health: -29/180    AC: 34    Str: 26    XL:     18   Next: 36%
Magic:  29/32      EV: 31    Int:  6    God:    Jiyva [******]
Gold:   661        SH: 38    Dex: 22    Spells: 17/17 levels left

rFire    . . .     SeeInvis .   a - +10 broad axe "Miradeff" {freeze, +Fly}
rCold    + + .     Gourm    .   N - +10 large shield of Ignorance {rN+ Int-4}
rNeg     + . .     Faith    .   z - +8 plate armour of Ragig {rElec rC++ Dex+2}
rPois    +         Spirit   .   y - +1 hat {MR+}
rElec    +         Reflect  .   U - +2 cloak {MR+}
rCorr    +         Harm     .   v - +0 pair of gloves
MR       +++..     NoTele   +   u - +0 pair of boots
Stlth    +.........             G - amulet "Wine" {+Rage rPois Str-2 Dex+7}
HPRegen  0.40/turn              E - +2 ring of evasion
MPRegen  0.23/turn              S - +3 ring of strength

@: slimy, very slightly contaminated
A: retaliatory headbutt, beak, horns 2, agile 1, frail 1, poison resistance,
strong 1, acidic bite, pseudopods 3, translucent skin 3, evolution 2, tendrils,
jelly sensing items, jelly absorbing missiles
}: 5/17 runes: decaying, serpentine, barnacled, silver, gossamer
a: Request Jelly, Slimify, Cure Bad Mutation, Renounce Religion, Evoke Berserk
Rage, Evoke Flight


You were in the Dungeon.
You worshipped Jiyva.
Jiyva was exalted by your worship.
You were very full.

You visited 1 branch You collected 912 gold pieces.
You spent 251 gold pieces at shops.

Inventory:

Hand Weapons
 a - the +10 broad axe "Miradeff" (weapon) {freeze, +Fly}
   (You found it in the Dungeon)

   It has been specially enchanted to freeze those struck by it, causing extra
   injury to most foes and up to half again as much damage against particularly
   susceptible opponents.
   It can also slow down cold-blooded creatures.
   It lets you fly.
 b - a +2 arbalest of flaming
 l - a +0 war axe
 p - a +3 broad axe of freezing
 B - the +7 mace of Variability {chain chaos}
   (You found it in the Dungeon)

   Each time it hits an enemy it has a different, random effect.
Armour
 c - a +0 shield
 k - a +0 large shield
 q - a +0 cloak
 r - a +4 ring mail
 s - a +0 troll leather armour
 u - a +0 pair of boots (worn)
 v - a +0 pair of gloves (worn)
 w - a +0 scale mail
 y - a +1 hat of magic resistance (worn)
 z - the +8 plate armour of Ragig (worn) {rElec rC++ Dex+2}
   (You found it in the Dungeon)

   It affects your dexterity (+2).
   It greatly protects you from cold.
   It insulates you from electricity.
 A - a +0 large shield
 C - the +0 large shield "Serria Iloje" {*Corrode rPois Int+9 Slay-5}
   (You found it in the Dungeon)

   It affects your intelligence (+9).
   It affects your accuracy and damage with ranged weapons and melee attacks
   (-5).
   It protects you from poison.
   It may corrode you when you take damage.
 K - quicksilver dragon scales
 L - +0 gold dragon scales
 M - a +3 large shield of poison resistance
 N - the +10 large shield of Ignorance (worn) {rN+ Int-4}
   (You found it in the Dungeon)

   It affects your intelligence (-4).
   It protects you from negative energy.
 U - a +2 cloak of magic resistance (worn)
Jewellery
 E - a +2 ring of evasion (left hand)
 F - the amulet of Qoecwudgh {RegenMP +Blink Int+4}
   (You found it in the Dungeon)

   [amulet of magic regeneration]

   It increases your magic regeneration.
   It affects your intelligence (+4).
   It lets you blink.
 G - the amulet "Wine" (around neck) {+Rage rPois Str-2 Dex+7}
   (You found it in the Dungeon)

   [amulet of rage]

   It affects your strength (-2).
   It affects your dexterity (+7).
   It protects you from poison.
   It lets you go berserk.
 H - the ring "Luliezxi" {rElec rC- rN++ Int+3 Dex+2}
   (You found it in the Dungeon)

   [ring of intelligence]

   It affects your intelligence (+3).
   It affects your dexterity (+2).
   It makes you vulnerable to cold.
   It insulates you from electricity.
   It greatly protects you from negative energy.
 I - the ring of Perfectionism {*Slow +Blink MP+9 EV+3}
   (You found it in the Dungeon)

   [ring of evasion]

   It affects your evasion (+3).
   It affects your magic capacity (+9).
   It lets you blink.
   It may slow you when you take damage.
 J - the ring of Yredelemnul's Delight {rElec EV-5 Int+2}
   (You found it in the Dungeon)

   [ring of evasion]

   It affects your evasion (-5).
   It affects your intelligence (+2).
   It insulates you from electricity.
 S - a +3 ring of strength (right hand)
Scrolls
 m - 6 scrolls of remove curse {@r2}
 n - 2 scrolls of amnesia
 o - 3 scrolls of fear
 O - a scroll of identify {@r1}
 P - a scroll of blinking
 Q - 2 scrolls of enchant weapon
Potions
 d - a potion of might
 e - 3 potions of curing {@q1}
 g - 3 potions of heal wounds {@q2}
 h - 7 potions of haste {@q3}
 i - 6 potions of magic
 j - a potion of invisibility
 t - 2 potions of berserk rage
 x - 2 potions of cancellation {unknown}
 D - 2 potions of agility
Miscellaneous
 R - a crystal ball of energy
Comestibles
 f - 11 rations {@e1}
 T - 3 chunks of flesh


   Skills:
 O Level 27 Fighting
 O Level 27 Axes
 + Level 0.0(18.7) Maces & Flails
 O Level 27 Armour
 O Level 27 Dodging
 + Level 8.9 Stealth
 O Level 27 Shields
 + Level 0.0 Spellcasting
 + Level 23.2 Evocations


You had 17 spell levels left.
You didn't know any spells.
Your spell library was empty.

Dungeon Overview and Level Annotations

Branches:
Dungeon (1/1)

Altars:
Cheibriados
Dithmenos
Elyvilon
Fedhas
Gozag
Hepliaklqana
Kikubaaqudgha
Makhleb
Nemelex Xobeh
Okawaru
Qazlal
Ru
Sif Muna
Trog
Uskayaw
Vehumet
Wu Jian
Xom
Yredelemnul
Zin
The Shining One
Beogh
Jiyva
Lugonu

Shops:
D !??=


Innate Abilities, Weirdness & Mutations

You reflexively headbutt those who attack you in melee.
You have a pair of horns on your head.
You have a beak for a mouth.
You are agile. (Dex +2)
You are frail. (-10% HP)
Your system is resistant to poisons. (rPois)
Your muscles are strong. (Str +2)
You have acidic saliva.
Armour fits poorly on your massive pseudopods.
Your transparent skin significantly reduces your foes' accuracy. (Stealth)
You rapidly evolve.
You are covered in slimy tendrils that may disarm your opponents.
You have a small jelly attached to you that senses nearby items.
You have a small jelly attached to you that may absorb incoming projectiles.


Message History

The bolt of fire hits you!
* * * LOW HITPOINT WARNING * * *
Blink to where?
Press: ? - help, Dir - move target cursor You are very lightly contaminated with residual magic.
As you read the scroll of blinking, it crumbles to dust.
You feel much better.
The orb of fire glows bright magenta.
The bolt of fire hits you!
* * * LOW HITPOINT WARNING * * *
You feel much better.
The orb of fire glows yellow.
Strange energies course through your body.
You feel frail.
The orb of fire is no longer covered in acid.
The orb of fire glows yellow.
The fireball explodes!
The fireball engulfs the azure jelly.
The azure jelly is burned terribly!
The fireball engulfs you!
You die...

∆ ▓▓▓▓▓▓▓▓▓▓▓▓▓▓▓▓▓▓▓▓▓▓▓▓▓▓▓▓▓
....'..........'@J...*..'.'.+
▓▓▓▓▓▓▓▓▓▓▓▓▓▓▓▓▓▓▓▓▓▓▓▓▓▓▓▓▓▓▓▓▓
....J....................J.......
▓▓▓▓▓▓▓▓▓▓▓▓▓▓▓▓▓▓▓▓▓▓▓▓▓▓▓▓▓▓▓▓▓
........'..).........J.......'...
▓▓▓▓▓▓▓▓▓▓▓▓▓▓▓▓▓▓▓▓▓▓▓▓▓▓▓▓▓▓▓▓▓
............).)..................
▓▓▓▓▓▓▓▓▓▓▓▓▓▓▓▓▓▓▓▓▓▓▓▓▓▓▓▓▓▓▓▓▓
..'............)))))))....[..[.[.


You could see an orb of fire and a neutral azure jelly (fellow slime).

Vanquished Creatures
  Mennas (D)
  Mara (D)
  An ancient lich (D)
  Boris (D)
  Frederick (D)
  Xtahua (D)
  A curse toe (D)
  A golden dragon (D)
  2 bone dragons (D)
  A tentacled monstrosity (D)
  Rupert (D)
  9 Orb Guardians (D)
  A draconian monk (D)
  Gastronok (D)
  8 shadow dragons (D)
  2 storm dragons (D)
  A death cob (D)
  A tengu reaver (D)
  Agnes (D)
  6 nagarajas (D)
  2 vault wardens (D)
  A frost giant (D)
  3 fire giants (D)
  4 draconian knights (D)
  Louise (D)
  3 emperor scorpions (D)
  2 draconian scorchers (D)
  3 ghost moths (D)
  A very ugly thing (D)
  A draconian annihilator (D)
  5 draconian stormcallers (D)
  2 ironheart preservers (D)
  A war gargoyle (D)
  An entropy weaver (D)
  Nessos (D)
  8 stone giants (D)
  A green draconian (D)
  3 white draconians (D)
  Azrael (D)
  2 black draconians (D)
  2 red draconians (D)
  A purple draconian (D)
  3 merfolk javelineers (D)
  3 ettins (D)
  4 merfolk impalers (D)
  3 fire dragons (D)
  A yaktaur captain (D)
  A rakshasa (D)
  25 vault guards (D)
  5 naga warriors (D)
  5 ice dragons (D)
  4 hydras (D)
  6 centaur warriors (D)
  An anaconda (D)
  4 merfolk avatars (D)
  A queen ant (shapeshifter) (D)
  2 merfolk aquamancers (D)
  A death knight (D)
  3 deep troll shamans (D)
  A two-headed ogre (D)
  2 deep troll earth magi (D)
  4 orc high priests (D)
  3 ogre magi (D)
  A naga sharpshooter (D)
  A hell knight (D)
  A spriggan druid (D)
  8 swamp dragons (D)
  A shambling mangrove (D)
  A deep elf archer (D)
  A lindwurm (D)
  2 sea snakes (D)
  A naga ritualist (D)
  2 wolf spiders (D)
  6 orc knights (D)
  An orb spider (D)
  A necromancer (D)
  2 ironbrand convokers (D)
  2 orc sorcerers (D)
  3 ugly things (D)
  9 moths of wrath (D)
  2 manticores (D)
  A black mamba (D)
  A water nymph (D)
  Joseph (D)
  A vault sentinel (D)
  2 naga magi (D)
  A guardian serpent (shapeshifter) (D)
  3 spiny frogs (D)
  A komodo dragon (D)
  2 demonic crawlers (D)
  2 freezing wraiths (D)
  3 yaktaurs (D)
  A troll (D)
  A merfolk (D)
  3 jumping spiders (D)
  2 hornets (D)
  5 tyrant leeches (D)
  3 hippogriffs (D)
  2 bog bodies (D)
  A redback (D)
  A tarantella (D)
  A spriggan (D)
  2 yaks (D)
  A fire elemental (D)
  A soldier ant (shapeshifter) (D)
  2 water moccasins (D)
  4 nagas (D)
  2 acid dragons (D)
  2 hell hounds (D)
  2 porcupines (D)
  2 swamp drakes (D)
  7 orc warriors (D)
  A wolf (D)
  A sky beast (D)
  A necrophage (D)
  An ogre (D)
  3 crocodiles (D)
  A centaur (D)
  3 bullfrogs (D)
  A crimson imp (D)
  A hound (D)
  2 orc wizards (D)
  2 orc priests (D)
  An ooze (D)
  An adder skeleton (D)
  5 worms (D)
  A dart slug (D)
  A leopard gecko (D)
  16 orcs (D)
  A bat skeleton (D)
  2 bats (D)
  A frilled lizard (D)
  A jackal zombie (D)
  A quokka zombie (D)
329 creatures vanquished.

Vanquished Creatures (collateral kills)
  An ogre mage (D)
1 creature vanquished.

Vanquished Creatures (others)
  Lom Lobon (D)
  3 acid blobs (D)
  4 azure jellies (D)
  2 draconian annihilators (D)
  A black draconian (D)
  A yellow draconian (D)
  A purple draconian (D)
  A fire dragon (D)
  A death ooze (D)
  2 great orbs of eyes (D)
  A rakshasa (D)
  A glowing orange brain (D)
  A spatial maelstrom (D)
  An ironbrand convoker (D)
  Psyche (D)
  A vault sentinel (D)
  A gargoyle (D)
  A jumping spider (D)
  A blink frog (D)
  3 slime creatures (D)
  A shadow (D)
  A fire elemental (D)
  A boggart (D)
  A scorpion (D)
  38 jellies (D)
71 creatures vanquished.

Grand Total: 401 creatures vanquished

Notes
Turn   | Place    | Note
-------+----------+-------------------------------------------
     0 | D        | aMcNicky the Minotaur Fighter began the quest for the Orb.
     0 | D        | Reached XP level 1. HP: 19/19 MP: 0/0
     3 | D        | Banished a spatial maelstrom
    12 | D        | Reached skill level 5 in Axes
    12 | D        | Reached XP level 2. HP: 23/26 MP: 1/1
    53 | D        | Noticed a centaur
    53 | D        | Noticed an ogre
    53 | D        | Noticed a crimson imp
    56 | D        | Killed a centaur
    56 | D        | Reached skill level 10 in Axes
    56 | D        | Reached XP level 3. HP: 31/31 MP: 2/2
    56 | D        | Reached XP level 4. HP: 39/39 MP: 3/3
    59 | D        | Killed an ogre
    59 | D        | Reached XP level 5. HP: 45/45 MP: 4/4
   119 | D        | Found a roughly hewn altar of Beogh.
   119 | D        | Found a snail-covered altar of Cheibriados.
   119 | D        | Found a shadowy altar of Dithmenos.
   119 | D        | Found a white marble altar of Elyvilon.
   119 | D        | Found a blossoming altar of Fedhas.
   119 | D        | Found an opulent altar of Gozag.
   120 | D        | Found a hazy altar of Hepliaklqana.
   121 | D        | Found a viscous altar of Jiyva.
   122 | D        | Found an ancient bone altar of Kikubaaqudgha.
   123 | D        | Found a corrupted altar of Lugonu.
   124 | D        | Found a burning altar of Makhleb.
   125 | D        | Found a sparkling altar of Nemelex Xobeh.
   126 | D        | Found an iron altar of Okawaru.
   127 | D        | Found a stormy altar of Qazlal.
   128 | D        | Found a sacrificial altar of Ru.
   129 | D        | Found a deep blue altar of Sif Muna.
   130 | D        | Found a bloodstained altar of Trog.
   131 | D        | Found a hide-covered altar of Uskayaw.
   132 | D        | Found a radiant altar of Vehumet.
   133 | D        | Found an ornate altar of the Wu Jian Council.
   134 | D        | Found a shimmering altar of Xom.
   135 | D        | Found a basalt altar of Yredelemnul.
   136 | D        | Found a glowing silver altar of Zin.
   137 | D        | Found a glowing golden altar of the Shining One.
   149 | D        | Became a worshipper of Jiyva Jamygek the Shapeless
   207 | D        | Noticed a necrophage
   207 | D        | Noticed a sky beast
   207 | D        | Noticed a two-headed ogre
   207 | D        | Noticed a troll
   212 | D        | Killed a necrophage
   212 | D        | Reached XP level 6. HP: 39/51 MP: 5/5
   214 | D        | Reached skill level 1 in Dodging
   218 | D        | Killed a sky beast
   218 | D        | Reached skill level 5 in Fighting
   218 | D        | Reached skill level 5 in Armour
   220 | D        | Killed a two-headed ogre
   220 | D        | Reached skill level 15 in Axes
   220 | D        | Reached XP level 7. HP: 29/69 MP: 6/6
   220 | D        | Reached XP level 8. HP: 31/75 MP: 7/7
   221 | D        | Killed a troll
   221 | D        | Reached skill level 5 in Dodging
   236 | D        | Reached * piety under Jiyva
   239 | D        | Reached ** piety under Jiyva
   239 | D        | Reached *** piety under Jiyva
   239 | D        | Gained mutation: Your movements are slightly less
                  | encumbered by armour. (ER -2) [Jiyva's grace]
   241 | D        | Reached **** piety under Jiyva
   331 | D        | Reached ***** piety under Jiyva
   334 | D        | Lost mutation: Your movements are slightly less encumbered
                  | by armour. (ER -2) [Jiyva's grace]
   406 | D        | Noticed a two-headed ogre
   406 | D        | Noticed a gargoyle
   406 | D        | Noticed a centaur warrior
   408 | D        | Slimified a two-headed ogre
   408 | D        | Noticed a slime creature
   408 | D        | a two-headed ogre changed into a slime creature
   413 | D        | Killed a gargoyle
   413 | D        | Killed a slime creature
   418 | D        | Killed a centaur warrior
   418 | D        | Reached skill level 10 in Fighting
   418 | D        | Reached skill level 10 in Armour
   500 | D        | Gained mutation: You are partially covered in slimy green
                  | scales. (AC +2) [Jiyva's grace]
   502 | D        | Gained mutation: Your spells are a little harder to cast,
                  | but a little more powerful. [Jiyva's grace]
   502 | D        | Reached ****** piety under Jiyva
   564 | D        | Reached XP level 9. HP: 86/86 MP: 8/8
   566 | D        | Noticed a spiny frog
   580 | D        | Lost mutation: Your spells are a little harder to cast, but
                  | a little more powerful. [Jiyva's grace]
   581 | D        | Killed a spiny frog
   590 | D        | Gained mutation: You are agile. (Dex +2) [Jiyva's grace]
   685 | D        | Noticed a spiny frog
   685 | D        | Noticed a seven-headed hydra
   693 | D        | Slimified a seven-headed hydra
   693 | D        | Noticed an azure jelly
   693 | D        | a seven-headed hydra changed into an azure jelly
   693 | D        | Gained mutation: You are very agile. (Dex +4) [Jiyva's
                  | grace]
   693 | D        | Gained mutation: Your system is resistant to poisons.
                  | (rPois) [Jiyva's grace]
   693 | D        | Gained mutation: You are resistant to hostile enchantments.
                  | (MR+) [Jiyva's grace]
   693 | D        | Lost mutation: You are resistant to hostile enchantments.
                  | (MR+) [Jiyva's grace]
   697 | D        | Noticed a komodo dragon
   700 | D        | Killed a spiny frog
   716 | D        | Killed a komodo dragon
   716 | D        | Reached XP level 10. HP: 89/99 MP: 9/9
   756 | D        | Noticed a lindwurm
   764 | D        | Killed a lindwurm
   792 | D        | Gained mutation: You evolve. [Jiyva's grace]
   844 | D        | Lost mutation: You evolve. [Jiyva's grace]
   846 | D        | Gained mutation: Your translucent skin slightly reduces
                  | your foes' accuracy. (Stealth) [Jiyva's grace]
   846 | D        | Gained mutation: You are somewhat resistant to further
                  | mutation. [Jiyva's grace]
   847 | D        | Gained mutation: You expend magic power (3 MP) to
                  | strengthen your wands. [Jiyva's grace]
   849 | D        | Gained mutation: You are covered in slimy tendrils that may
                  | disarm your opponents. [Jiyva's grace]
   852 | D        | Lost mutation: You are very agile. (Dex +4) [Jiyva's grace]
   853 | D        | Gained mutation: Your spells are a little harder to cast,
                  | but a little more powerful. [Jiyva's grace]
   854 | D        | Gained mutation: Your spells are harder to cast, but more
                  | powerful. [Jiyva's grace]
   854 | D        | Gained mutation: Your mind is acute. (Int +2) [Jiyva's
                  | grace]
   857 | D        | Lost mutation: Your translucent skin slightly reduces your
                  | foes' accuracy. (Stealth) [Jiyva's grace]
   859 | D        | Lost mutation: Your mind is acute. (Int +2) [Jiyva's grace]
   862 | D        | Gained mutation: You have a small jelly attached to you
                  | that senses nearby items. [Jiyva's grace]
   863 | D        | Lost mutation: You expend magic power (3 MP) to strengthen
                  | your wands. [Jiyva's grace]
   866 | D        | Gained mutation: You are somewhat resistant to both further
                  | mutation and mutation removal. [Jiyva's grace]
   866 | D        | Gained mutation: You are very agile. (Dex +4) [Jiyva's
                  | grace]
   868 | D        | Gained mutation: Your rubbery body absorbs attacks. (AC +1,
                  | EV +1) [Jiyva's grace]
   871 | D        | Gained mutation: Armour fits poorly on your pseudopods.
                  | [Jiyva's grace]
   871 | D        | Lost mutation: Your spells are harder to cast, but more
                  | powerful. [Jiyva's grace]
   878 | D        | Gained mutation: You expend magic power (3 MP) to
                  | strengthen your wands. [Jiyva's grace]
   881 | D        | Lost mutation: You are somewhat resistant to both further
                  | mutation and mutation removal. [Jiyva's grace]
   884 | D        | Lost mutation: You have a small jelly attached to you that
                  | senses nearby items. [Jiyva's grace]
   886 | D        | Lost mutation: You expend magic power (3 MP) to strengthen
                  | your wands. [Jiyva's grace]
   887 | D        | Lost mutation: You are covered in slimy tendrils that may
                  | disarm your opponents. [Jiyva's grace]
   887 | D        | Lost mutation: Your rubbery body absorbs attacks. (AC +1,
                  | EV +1) [Jiyva's grace]
   891 | D        | Gained mutation: You have sharp toenails. [Jiyva's grace]
   892 | D        | Lost mutation: You have sharp toenails. [Jiyva's grace]
   893 | D        | Lost mutation: Armour fits poorly on your pseudopods.
                  | [Jiyva's grace]
   896 | D        | Gained mutation: Your rubbery body absorbs attacks. (AC +1,
                  | EV +1) [Jiyva's grace]
   897 | D        | Noticed Joseph
   897 | D        | Lost mutation: You are very agile. (Dex +4) [Jiyva's grace]
   899 | D        | Gained mutation: Armour fits poorly on your pseudopods.
                  | [Jiyva's grace]
   900 | D        | Gained mutation: Your muscles are strong. (Str +2) [Jiyva's
                  | grace]
   901 | D        | Gained mutation: You have an increased reservoir of magic.
                  | (+10% MP) [Jiyva's grace]
   902 | D        | Gained mutation: You have a small jelly attached to you
                  | that may absorb incoming projectiles. [Jiyva's grace]
   906 | D        | Killed Joseph
   906 | D        | Lost mutation: Your muscles are strong. (Str +2) [Jiyva's
                  | grace]
   911 | D        | Lost mutation: Armour fits poorly on your pseudopods.
                  | [Jiyva's grace]
   911 | D        | Lost mutation: Your rubbery body absorbs attacks. (AC +1,
                  | EV +1) [Jiyva's grace]
   913 | D        | Gained mutation: Your movements are slightly less
                  | encumbered by armour. (ER -2) [Jiyva's grace]
   915 | D        | Lost mutation: You have a small jelly attached to you that
                  | may absorb incoming projectiles. [Jiyva's grace]
   955 | D        | Noticed an orc knight
   969 | D        | Killed an orc knight
   969 | D        | Reached skill level 10 in Shields
  1028 | D        | Lost mutation: Your movements are slightly less encumbered
                  | by armour. (ER -2) [Jiyva's grace]
  1030 | D        | Lost mutation: Your system is resistant to poisons. (rPois)
                  | [Jiyva's grace]
  1030 | D        | Gained mutation: Your translucent skin slightly reduces
                  | your foes' accuracy. (Stealth) [Jiyva's grace]
  1033 | D        | Gained mutation: Your spells are harder to cast, but more
                  | powerful. [Jiyva's grace]
  1036 | D        | Lost mutation: Your spells are harder to cast, but more
                  | powerful. [Jiyva's grace]
  1036 | D        | Gained mutation: You have a somewhat thin skeletal
                  | structure. (Dex +2, Stealth) [Jiyva's grace]
  1038 | D        | Lost mutation: You are somewhat resistant to further
                  | mutation. [Jiyva's grace]
  1043 | D        | Gained mutation: You are resistant to electric shocks.
                  | (rElec) [Jiyva's grace]
  1045 | D        | Gained mutation: You are partially covered in iridescent
                  | scales. (AC +2) [Jiyva's grace]
  1048 | D        | Gained mutation: Your spells are harder to cast, but more
                  | powerful. [Jiyva's grace]
  1050 | D        | Gained mutation: You expend magic power (3 MP) to
                  | strengthen your wands. [Jiyva's grace]
  1050 | D        | Lost mutation: Your translucent skin slightly reduces your
                  | foes' accuracy. (Stealth) [Jiyva's grace]
  1050 | D        | Gained mutation: Armour fits poorly on your pseudopods.
                  | [Jiyva's grace]
  1052 | D        | Noticed an orc knight
  1053 | D        | Gained mutation: Armour fits poorly on your large
                  | pseudopods. [Jiyva's grace]
  1056 | D        | Lost mutation: Your spells are harder to cast, but more
                  | powerful. [Jiyva's grace]
  1056 | D        | Gained mutation: Your flesh is heat resistant. (rF+)
                  | [Jiyva's grace]
  1068 | D        | Killed an orc knight
  1072 | D        | Noticed an orc sorcerer
  1072 | D        | Killed Psyche
  1073 | D        | Gained mutation: You passively map a small area around you.
                  | [Jiyva's grace]
  1073 | D        | Lost mutation: You passively map a small area around you.
                  | [Jiyva's grace]
  1074 | D        | Lost mutation: You are agile. (Dex +2) [Jiyva's grace]
  1074 | D        | Lost mutation: You expend magic power (3 MP) to strengthen
                  | your wands. [Jiyva's grace]
  1074 | D        | Lost mutation: You have an increased reservoir of magic.
                  | (+10% MP) [Jiyva's grace]
  1074 | D        | Gained mutation: Your flesh is cold resistant. (rC+)
                  | [Jiyva's grace]
  1076 | D        | Gained mutation: You are somewhat resistant to further
                  | mutation. [Jiyva's grace]
  1076 | D        | Lost mutation: You are partially covered in slimy green
                  | scales. (AC +2) [Jiyva's grace]
  1076 | D        | Gained mutation: You have acidic saliva. [Jiyva's grace]
  1079 | D        | Gained mutation: Your system is resistant to poisons.
                  | (rPois) [Jiyva's grace]
  1080 | D        | Gained mutation: You are frail. (-10% HP) [Jiyva's grace]
  1080 | D        | Gained mutation: Your spells are harder to cast, but more
                  | powerful. [Jiyva's grace]
  1080 | D        | Lost mutation: You have acidic saliva. [Jiyva's grace]
  1080 | D        | Lost mutation: Your spells are harder to cast, but more
                  | powerful. [Jiyva's grace]
  1080 | D        | Gained mutation: You passively map a small area around you.
                  | [Jiyva's grace]
  1080 | D        | Lost mutation: Armour fits poorly on your large pseudopods.
                  | [Jiyva's grace]
  1096 | D        | Killed an orc sorcerer
  1149 | D        | Gained mutation: You are somewhat resistant to both further
                  | mutation and mutation removal. [Jiyva's grace]
  1151 | D        | Lost mutation: Your spells are a little harder to cast, but
                  | a little more powerful. [Jiyva's grace]
  1152 | D        | Gained mutation: Your mind is acute. (Int +2) [Jiyva's
                  | grace]
  1155 | D        | Found Racaitto's Distillery.
  1155 | D        | Noticed an orc high priest
  1155 | D        | Noticed an orc high priest
  1155 | D        | Noticed an orc knight
  1157 | D        | Noticed an orc knight
  1159 | D        | Found Miwipn's Magic Scroll Shoppe.
  1160 | D        | Noticed an orc high priest
  1163 | D        | Killed an orc high priest
  1163 | D        | Reached XP level 11. HP: 83/99 MP: 10/10
  1164 | D        | Noticed a sun demon
  1168 | D        | Killed an orc high priest
  1174 | D        | Noticed a soul eater
  1176 | D        | Killed an orc knight
  1177 | D        | Found Keoqoz's Magic Scroll Emporium.
  1178 | D        | Gained mutation: Your spells are a little harder to cast,
                  | but a little more powerful. [Jiyva's grace]
  1178 | D        | Lost mutation: Your flesh is cold resistant. (rC+) [Jiyva's
                  | grace]
  1180 | D        | Killed an orc knight
  1183 | D        | Gained mutation: Your translucent skin slightly reduces
                  | your foes' accuracy. (Stealth) [Jiyva's grace]
  1185 | D        | Found Dies's Jewellery Shoppe.
  1187 | D        | Gained mutation: Your mind is very acute. (Int +4) [Jiyva's
                  | grace]
  1190 | D        | Killed an orc high priest
  1190 | D        | Reached skill level 15 in Fighting
  1190 | D        | Reached skill level 15 in Armour
  1192 | D        | Lost mutation: You are frail. (-10% HP) [Jiyva's grace]
  1193 | D        | Noticed an orc sorcerer
  1193 | D        | Gained mutation: Your translucent skin reduces your foes'
                  | accuracy. (Stealth) [Jiyva's grace]
  1193 | D        | Gained mutation: Your rubbery body absorbs attacks. (AC +1,
                  | EV +1) [Jiyva's grace]
  1193 | D        | Lost mutation: Your translucent skin reduces your foes'
                  | accuracy. (Stealth) [Jiyva's grace]
  1193 | D        | Lost mutation: Your system is resistant to poisons. (rPois)
                  | [Jiyva's grace]
  1196 | D        | Gained mutation: Your translucent skin reduces your foes'
                  | accuracy. (Stealth) [Jiyva's grace]
  1196 | D        | Lost mutation: Your mind is very acute. (Int +4) [Jiyva's
                  | grace]
  1199 | D        | Killed an orc sorcerer
  1199 | D        | Lost mutation: You are resistant to electric shocks.
                  | (rElec) [Jiyva's grace]
  1202 | D        | Noticed an orc high priest
  1202 | D        | Gained mutation: You are partially covered in molten
                  | scales. (AC +2) [Jiyva's grace]
  1202 | D        | Gained mutation: You have acidic saliva. [Jiyva's grace]
  1203 | D        | Lost mutation: Your translucent skin reduces your foes'
                  | accuracy. (Stealth) [Jiyva's grace]
  1204 | D        | Noticed a sixfirhy
  1205 | D        | Lost mutation: You have a somewhat thin skeletal structure.
                  | (Dex +2, Stealth) [Jiyva's grace]
  1208 | D        | Killed an orc high priest
  1208 | D        | Reached skill level 10 in Dodging
  1214 | D        | Lost mutation: You are somewhat resistant to both further
                  | mutation and mutation removal. [Jiyva's grace]
  1214 | D        | Gained mutation: You are agile. (Dex +2) [Jiyva's grace]
  1223 | D        | Bought a scroll of fear for 35 gold pieces
  1225 | D        | Bought a potion of resistance for 120 gold pieces
  1225 | D        | Bought 2 potions of might for 96 gold pieces
  1290 | D        | Noticed Gastronok
  1303 | D        | Killed Gastronok
  1363 | D        | Got the +10 broad axe "Miradeff" {freeze, +Fly}
  1369 | D        | Got the +8 plate armour of Ragig {rElec rC++ Dex+2}
  1415 | D        | Noticed a centaur warrior
  1416 | D        | Noticed a six-headed hydra
  1424 | D        | Reached skill level 1 in Evocations
  1428 | D        | Noticed a centaur warrior
  1434 | D        | Killed a centaur warrior
  1436 | D        | Slimified a six-headed hydra
  1436 | D        | a six-headed hydra changed into a slime creature
  1437 | D        | Noticed a rakshasa
  1443 | D        | Killed a centaur warrior
  1443 | D        | Noticed a cyan ugly thing
  1443 | D        | Lost mutation: You are partially covered in molten scales.
                  | (AC +2) [Jiyva's grace]
  1444 | D        | Gained mutation: You are very agile. (Dex +4) [Jiyva's
                  | grace]
  1444 | D        | Lost mutation: You have acidic saliva. [Jiyva's grace]
  1444 | D        | Gained mutation: You have a pair of large horns on your
                  | head. [Jiyva's grace]
  1444 | D        | Noticed a cyan ugly thing
  1447 | D        | Gained mutation: Your flesh is cold resistant. (rC+)
                  | [Jiyva's grace]
  1447 | D        | Lost mutation: Your spells are a little harder to cast, but
                  | a little more powerful. [Jiyva's grace]
  1448 | D        | Noticed a stone giant
  1450 | D        | Killed a rakshasa
  1450 | D        | Reached XP level 12. HP: 115/124 MP: 13/13
  1454 | D        | Lost mutation: You have a pair of large horns on your head.
                  | [Jiyva's grace]
  1460 | D        | Lost mutation: You are very agile. (Dex +4) [Jiyva's grace]
  1464 | D        | Lost mutation: Your rubbery body absorbs attacks. (AC +1,
                  | EV +1) [Jiyva's grace]
  1465 | D        | Killed a stone giant
  1594 | D        | Lost mutation: You are partially covered in iridescent
                  | scales. (AC +2) [Jiyva's grace]
  1609 | D        | Noticed Donald
  1616 | D        | Slimified Donald
  1616 | D        | Noticed Donald
  1616 | D        | Donald changed into Donald the acid blob
  1616 | D        | Lost mutation: You are somewhat resistant to further
                  | mutation. [Jiyva's grace]
  1616 | D        | Gained mutation: You are partially covered in molten
                  | scales. (AC +2) [Jiyva's grace]
  1638 | D        | Killed Donald the acid blob
  1660 | D        | Noticed Azrael
  1662 | D        | Killed Azrael
  1662 | D        | Reached skill level 5 in Evocations
  1685 | D        | Gained mutation: You are very agile. (Dex +4) [Jiyva's
                  | grace]
  1757 | D        | Noticed Agnes
  1760 | D        | Gained mutation: You are partially covered in thin metallic
                  | scales. (AC +2) [Jiyva's grace]
  1769 | D        | Killed Agnes
  2090 | D        | Noticed an anaconda
  2090 | D        | Noticed a nagaraja
  2094 | D        | Noticed an anaconda
  2096 | D        | Killed an anaconda
  2100 | D        | Killed a nagaraja
  2117 | D        | Slimified an anaconda
  2117 | D        | an anaconda changed into a slime creature
  2118 | D        | Lost mutation: Your flesh is cold resistant. (rC+) [Jiyva's
                  | grace]
  2121 | D        | Gained mutation: Your movements are slightly less
                  | encumbered by armour. (ER -2) [Jiyva's grace]
  2140 | D        | Lost mutation: Armour fits poorly on your pseudopods.
                  | [Jiyva's grace]
  2140 | D        | Gained mutation: You are resistant to electric shocks.
                  | (rElec) [Jiyva's grace]
  2140 | D        | Gained mutation: Your mind is very acute. (Int +4) [Jiyva's
                  | grace]
  2144 | D        | Gained mutation: You are somewhat resistant to further
                  | mutation. [Jiyva's grace]
  2144 | D        | Lost mutation: You are very agile. (Dex +4) [Jiyva's grace]
  2144 | D        | Lost mutation: You are agile. (Dex +2) [Jiyva's grace]
  2232 | D        | Lost mutation: You are somewhat resistant to further
                  | mutation. [Jiyva's grace]
  2233 | D        | Noticed an entropy weaver
  2235 | D        | Reached XP level 13. HP: 134/134 MP: 17/17
  2244 | D        | Gained mutation: You have acidic saliva. [Jiyva's grace]
  2244 | D        | Gained mutation: Your muscles are strong. (Str +2) [Jiyva's
                  | grace]
  2249 | D        | Killed an entropy weaver
  2259 | D        | Gained mutation: You have an increased reservoir of magic.
                  | (+10% MP) [Jiyva's grace]
  2334 | D        | Lost mutation: Your mind is very acute. (Int +4) [Jiyva's
                  | grace]
  2389 | D        | Noticed Rupert
  2401 | D        | Killed Rupert
  2507 | D        | Noticed Nessos
  2531 | D        | Lost mutation: You passively map a small area around you.
                  | [Jiyva's grace]
  2535 | D        | Killed Nessos
  2540 | D        | Lost mutation: You are partially covered in thin metallic
                  | scales. (AC +2) [Jiyva's grace]
  2540 | D        | Gained mutation: You possess an exceptional clarity of
                  | mind. [Jiyva's grace]
  2540 | D        | Lost mutation: You possess an exceptional clarity of mind.
                  | [Jiyva's grace]
  2599 | D        | Noticed a fire giant
  2599 | D        | Noticed an ettin
  2599 | D        | Noticed a fire dragon
  2603 | D        | Noticed an ettin
  2605 | D        | Slimified a fire giant
  2605 | D        | Noticed an azure jelly
  2605 | D        | a fire giant changed into an azure jelly
  2610 | D        | Killed an azure jelly
  2616 | D        | Gained mutation: You expend magic power (3 MP) to
                  | strengthen your wands. [Jiyva's grace]
  2622 | D        | Killed an ettin
  2623 | D        | Noticed a cyan very ugly thing
  2629 | D        | Killed a fire dragon
  2633 | D        | Killed an ettin
  2634 | D        | Noticed a fire giant
  2646 | D        | Killed a cyan very ugly thing
  2646 | D        | Reached skill level 15 in Shields
  2650 | D        | Noticed an ettin
  2667 | D        | Killed a fire giant
  2674 | D        | Killed an ettin
  2674 | D        | Reached XP level 14. HP: 124/149 MP: 20/20
  2743 | D        | Lost mutation: Your muscles are strong. (Str +2) [Jiyva's
                  | grace]
  2744 | D        | Lost mutation: You are partially covered in molten scales.
                  | (AC +2) [Jiyva's grace]
  2744 | D        | Gained mutation: You passively map a small area around you.
                  | [Jiyva's grace]
  2748 | D        | Lost mutation: You passively map a small area around you.
                  | [Jiyva's grace]
  2748 | D        | Gained mutation: You possess an exceptional clarity of
                  | mind. [Jiyva's grace]
  2749 | D        | Gained mutation: You are somewhat resistant to further
                  | mutation. [Jiyva's grace]
  2749 | D        | Gained mutation: Armour fits poorly on your pseudopods.
                  | [Jiyva's grace]
  2749 | D        | Lost mutation: You expend magic power (3 MP) to strengthen
                  | your wands. [Jiyva's grace]
  2749 | D        | Lost mutation: You have acidic saliva. [Jiyva's grace]
  2749 | D        | Gained mutation: Armour fits poorly on your large
                  | pseudopods. [Jiyva's grace]
  2749 | D        | Gained mutation: You are partially covered in rugged brown
                  | scales. (AC +1, +3% HP) [Jiyva's grace]
  2751 | D        | Lost mutation: Your mind is acute. (Int +2) [Jiyva's grace]
  2751 | D        | Gained mutation: Your muscles are strong. (Str +2) [Jiyva's
                  | grace]
  2752 | D        | Lost mutation: You are partially covered in rugged brown
                  | scales. (AC +1, +3% HP) [Jiyva's grace]
  2756 | D        | Noticed a vault warden
  2756 | D        | Noticed an ironheart preserver
  2758 | D        | Lost mutation: Your muscles are strong. (Str +2) [Jiyva's
                  | grace]
  2759 | D        | Gained mutation: You passively map a small area around you.
                  | [Jiyva's grace]
  2761 | D        | Lost mutation: You are resistant to electric shocks.
                  | (rElec) [Jiyva's grace]
  2761 | D        | Lost mutation: Your flesh is heat resistant. (rF+) [Jiyva's
                  | grace]
  2761 | D        | Lost mutation: You possess an exceptional clarity of mind.
                  | [Jiyva's grace]
  2807 | D        | Killed a vault warden
  2814 | D        | Killed an ironheart preserver
  2820 | D        | Lost mutation: You are somewhat resistant to further
                  | mutation. [Jiyva's grace]
  2820 | D        | Gained mutation: Your flesh is cold resistant. (rC+)
                  | [Jiyva's grace]
  2821 | D        | Gained mutation: You tend to lose your temper in combat.
                  | [Jiyva's grace]
  2831 | D        | Gained mutation: Your muscles are strong. (Str +2) [Jiyva's
                  | grace]
  2831 | D        | Lost mutation: Your muscles are strong. (Str +2) [Jiyva's
                  | grace]
  2853 | D        | Gained mutation: You have a small jelly attached to you
                  | that may absorb incoming projectiles. [Jiyva's grace]
  2855 | D        | Lost mutation: You tend to lose your temper in combat.
                  | [Jiyva's grace]
  2868 | D        | Noticed an Orb Guardian
  2879 | D        | Slimified an Orb Guardian
  2879 | D        | Noticed an acid blob
  2879 | D        | an Orb Guardian changed into an acid blob
  2884 | D        | Gained mutation: You are somewhat resistant to further
                  | mutation. [Jiyva's grace]
  2894 | D        | Killed an acid blob
  2895 | D        | Noticed a frost giant
  2896 | D        | Noticed a fire giant
  2910 | D        | Killed a frost giant
  2915 | D        | Killed a fire giant
  2920 | D        | Gained mutation: You have a small jelly attached to you
                  | that senses nearby items. [Jiyva's grace]
  2920 | D        | Gained mutation: You are covered in slimy tendrils that may
                  | disarm your opponents. [Jiyva's grace]
  2920 | D        | Gained mutation: You possess an exceptional clarity of
                  | mind. [Jiyva's grace]
  2923 | D        | Lost mutation: You are somewhat resistant to further
                  | mutation. [Jiyva's grace]
  2925 | D        | Gained mutation: You have a pair of large horns on your
                  | head. [Jiyva's grace]
  2926 | D        | Lost mutation: You have a small jelly attached to you that
                  | senses nearby items. [Jiyva's grace]
  2933 | D        | Lost mutation: You passively map a small area around you.
                  | [Jiyva's grace]
  2933 | D        | Lost mutation: Armour fits poorly on your large pseudopods.
                  | [Jiyva's grace]
  2940 | D        | Gained mutation: You are robust. (+10% HP) [Jiyva's grace]
  2943 | D        | Lost mutation: You have a small jelly attached to you that
                  | may absorb incoming projectiles. [Jiyva's grace]
  2945 | D        | Gained mutation: Your mind is acute. (Int +2) [Jiyva's
                  | grace]
  3004 | D        | Noticed a stone giant
  3005 | D        | Noticed a stone giant
  3017 | D        | Killed a stone giant
  3023 | D        | Killed a stone giant
  3050 | D        | Gained mutation: You are surrounded by a mild repulsion
                  | field. (EV +2) [Jiyva's grace]
  3050 | D        | Gained mutation: Scrolls take you a little longer to read.
                  | [Jiyva's grace]
  3177 | D        | Found the +7 mace of Variability {chain chaos}
  3317 | D        | Reached skill level 15 in Dodging
  3570 | D        | Got a decaying rune of Zot
  3598 | D        | Noticed Ilsuiw
  3618 | D        | Slimified Ilsuiw
  3618 | D        | Noticed Ilsuiw
  3618 | D        | Ilsuiw changed into Ilsuiw the acid blob
  3618 | D        | Lost mutation: Armour fits poorly on your pseudopods.
                  | [Jiyva's grace]
  3619 | D        | Gained mutation: You are agile. (Dex +2) [Jiyva's grace]
  3621 | D        | Gained mutation: You passively map a small area around you.
                  | [Jiyva's grace]
  3636 | D        | Lost mutation: You are agile. (Dex +2) [Jiyva's grace]
  3636 | D        | Lost mutation: Your mind is acute. (Int +2) [Jiyva's grace]
  3638 | D        | Gained mutation: Your translucent skin reduces your foes'
                  | accuracy. (Stealth) [Jiyva's grace]
  3639 | D        | Lost mutation: Scrolls take you a little longer to read.
                  | [Jiyva's grace]
  3640 | D        | Gained mutation: Your rubbery body absorbs attacks. (AC +1,
                  | EV +1) [Jiyva's grace]
  3642 | D        | Gained mutation: You have very sharp teeth. [Jiyva's grace]
  3645 | D        | Lost mutation: You passively map a small area around you.
                  | [Jiyva's grace]
  3659 | D        | Reached XP level 15. HP: 156/178 MP: 21/21
  3659 | D        | Lost mutation: Your translucent skin reduces your foes'
                  | accuracy. (Stealth) [Jiyva's grace]
  3659 | D        | Gained mutation: Your body has grown golden eyes which may
                  | confuse attackers. (Acc +3) [Jiyva's grace]
  3661 | D        | Gained mutation: You are agile. (Dex +2) [Jiyva's grace]
  3661 | D        | Lost mutation: You are covered in slimy tendrils that may
                  | disarm your opponents. [Jiyva's grace]
  3665 | D        | Got a barnacled rune of Zot
  3665 | D        | Lost mutation: You are robust. (+10% HP) [Jiyva's grace]
  3728 | D        | Gained mutation: Armour fits poorly on your pseudopods.
                  | [Jiyva's grace]
  3728 | D        | Gained mutation: You are covered in slimy tendrils that may
                  | disarm your opponents. [Jiyva's grace]
  3730 | D        | Lost mutation: You have very sharp teeth. [Jiyva's grace]
  3730 | D        | Lost mutation: Your body has grown golden eyes which may
                  | confuse attackers. (Acc +3) [Jiyva's grace]
  3735 | D        | Lost mutation: You possess an exceptional clarity of mind.
                  | [Jiyva's grace]
  3736 | D        | Lost mutation: You have an increased reservoir of magic.
                  | (+10% MP) [Jiyva's grace]
  3736 | D        | Lost mutation: You are surrounded by a mild repulsion
                  | field. (EV +2) [Jiyva's grace]
  3736 | D        | Gained mutation: You have acidic saliva. [Jiyva's grace]
  3739 | D        | Gained mutation: Your muscles are strong. (Str +2) [Jiyva's
                  | grace]
  3739 | D        | Lost mutation: Your rubbery body absorbs attacks. (AC +1,
                  | EV +1) [Jiyva's grace]
  3739 | D        | Gained mutation: Your movements are less encumbered by
                  | armour. (ER -4) [Jiyva's grace]
  3740 | D        | Gained mutation: Your mind is acute. (Int +2) [Jiyva's
                  | grace]
  3740 | D        | Lost mutation: Your movements are less encumbered by
                  | armour. (ER -4) [Jiyva's grace]
  3740 | D        | Lost mutation: You have a pair of large horns on your head.
                  | [Jiyva's grace]
  3740 | D        | Lost mutation: Your flesh is cold resistant. (rC+) [Jiyva's
                  | grace]
  3740 | D        | Gained mutation: Your spells are a little harder to cast,
                  | but a little more powerful. [Jiyva's grace]
  3819 | D        | Got the +0 large shield "Serria Iloje" {*Corrode rPois
                  | Int+9 Slay-5}
  3955 | D        | Noticed a nagaraja
  3955 | D        | Noticed a nagaraja
  3955 | D        | Noticed a nagaraja
  3955 | D        | Noticed a nagaraja
  3956 | D        | Noticed a nagaraja
  3962 | D        | Gained mutation: You have an increased reservoir of magic.
                  | (+10% MP) [Jiyva's grace]
  3964 | D        | Killed a nagaraja
  3972 | D        | Killed a nagaraja
  3977 | D        | Killed a nagaraja
  3984 | D        | Killed a nagaraja
  3986 | D        | Killed a nagaraja
  3997 | D        | Lost mutation: Your spells are a little harder to cast, but
                  | a little more powerful. [Jiyva's grace]
  4006 | D        | Gained mutation: You expend magic power (3 MP) to
                  | strengthen your wands. [Jiyva's grace]
  4015 | D        | Gained mutation: You have a considerably increased
                  | reservoir of magic. (+20% MP) [Jiyva's grace]
  4015 | D        | Lost mutation: You are agile. (Dex +2) [Jiyva's grace]
  4016 | D        | Lost mutation: Your muscles are strong. (Str +2) [Jiyva's
                  | grace]
  4016 | D        | Lost mutation: Your mind is acute. (Int +2) [Jiyva's grace]
  4021 | D        | Lost mutation: You expend magic power (3 MP) to strengthen
                  | your wands. [Jiyva's grace]
  4021 | D        | Lost mutation: Your movements are slightly less encumbered
                  | by armour. (ER -2) [Jiyva's grace]
  4022 | D        | Got a serpentine rune of Zot
  4320 | D        | Killed a ghost moth
  4353 | D        | Killed a ghost moth
  4363 | D        | Noticed an acid blob
  4363 | D        | an emperor scorpion changed into an acid blob
  4364 | D        | Lost mutation: You have a considerably increased reservoir
                  | of magic. (+20% MP) [Jiyva's grace]
  4380 | D        | Killed a ghost moth
  4384 | D        | Lost mutation: Your translucent skin slightly reduces your
                  | foes' accuracy. (Stealth) [Jiyva's grace]
  4385 | D        | Lost mutation: You have an increased reservoir of magic.
                  | (+10% MP) [Jiyva's grace]
  4385 | D        | Gained mutation: Armour fits poorly on your strangely
                  | shaped body. [Jiyva's grace]
  4385 | D        | Lost mutation: You are covered in slimy tendrils that may
                  | disarm your opponents. [Jiyva's grace]
  4643 | D        | Got a gossamer rune of Zot
  4668 | D        | Noticed Mara
  4669 | D        | Lost mutation: Armour fits poorly on your strangely shaped
                  | body. [Jiyva's power]
  4679 | D        | Noticed aMcNicky's illusion
  4686 | D        | Killed Mara
  4863 | D        | Noticed Xtahua
  4871 | D        | Killed Xtahua
  4935 | D        | Reached skill level 27 in Axes
  4939 | D        | Lost mutation: You have acidic saliva. [Jiyva's grace]
  4940 | D        | Gained mutation: Armour fits poorly on your large
                  | pseudopods. [Jiyva's grace]
  4943 | D        | Lost mutation: Armour fits poorly on your large pseudopods.
                  | [Jiyva's grace]
  4943 | D        | Gained mutation: Your flesh is heat resistant. (rF+)
                  | [Jiyva's grace]
  4943 | D        | Gained mutation: Your rubbery body absorbs attacks. (AC +1,
                  | EV +1) [Jiyva's grace]
  4943 | D        | Lost mutation: Your rubbery body absorbs attacks. (AC +1,
                  | EV +1) [Jiyva's grace]
  4944 | D        | Gained mutation: You are robust. (+10% HP) [Jiyva's grace]
  4944 | D        | Gained mutation: You have a pair of large horns on your
                  | head. [Jiyva's grace]
  4949 | D        | Reached XP level 16. HP: 162/194 MP: 20/20
  4950 | D        | Lost mutation: You have a pair of large horns on your head.
                  | [Jiyva's grace]
  4955 | D        | Gained mutation: Armour fits poorly on your large
                  | pseudopods. [Jiyva's grace]
  4955 | D        | Gained mutation: You have a small jelly attached to you
                  | that senses nearby items. [Jiyva's grace]
  4955 | D        | Lost mutation: Your flesh is heat resistant. (rF+) [Jiyva's
                  | grace]
  4955 | D        | Lost mutation: You are robust. (+10% HP) [Jiyva's grace]
  4957 | D        | Gained mutation: Your movements are slightly less
                  | encumbered by armour. (ER -2) [Jiyva's grace]
  4958 | D        | Gained mutation: You have a pair of large horns on your
                  | head. [Jiyva's grace]
  4970 | D        | Gained mutation: You have large cloven feet. [Jiyva's
                  | grace]
  4970 | D        | Lost mutation: You have large cloven feet. [Jiyva's grace]
  4970 | D        | Lost mutation: You have a pair of large horns on your head.
                  | [Jiyva's grace]
  4974 | D        | Gained mutation: You expend magic power (3 MP) to
                  | strengthen your wands. [Jiyva's grace]
  4974 | D        | Lost mutation: Your movements are slightly less encumbered
                  | by armour. (ER -2) [Jiyva's grace]
  4974 | D        | Gained mutation: You have acidic saliva. [Jiyva's grace]
  4987 | D        | Lost mutation: You expend magic power (3 MP) to strengthen
                  | your wands. [Jiyva's grace]
  4987 | D        | Gained mutation: You are resistant to hostile enchantments.
                  | (MR+) [Jiyva's grace]
  4992 | D        | Gained mutation: You are covered in slimy tendrils that may
                  | disarm your opponents. [Jiyva's grace]
  4992 | D        | Lost mutation: You have a small jelly attached to you that
                  | senses nearby items. [Jiyva's grace]
  4992 | D        | Lost mutation: You are resistant to hostile enchantments.
                  | (MR+) [Jiyva's grace]
  4992 | D        | Gained mutation: You have sharp toenails. [Jiyva's grace]
  4993 | D        | Lost mutation: You have sharp toenails. [Jiyva's grace]
  5013 | D        | Reached skill level 1 in Stealth
  5043 | D        | Noticed a storm dragon
  5046 | D        | Gained mutation: Scrolls take you a little longer to read.
                  | [Jiyva's grace]
  5046 | D        | Gained mutation: Your spells are a little harder to cast,
                  | but a little more powerful. [Jiyva's grace]
  5047 | D        | Lost mutation: Scrolls take you a little longer to read.
                  | [Jiyva's grace]
  5047 | D        | Lost mutation: You are covered in slimy tendrils that may
                  | disarm your opponents. [Jiyva's grace]
  5047 | D        | Gained mutation: You have very sharp teeth. [Jiyva's grace]
  5047 | D        | Gained mutation: You have large cloven feet. [Jiyva's
                  | grace]
  5047 | D        | Lost mutation: You have large cloven feet. [Jiyva's grace]
  5047 | D        | Lost mutation: Your spells are a little harder to cast, but
                  | a little more powerful. [Jiyva's grace]
  5047 | D        | Gained mutation: You have a small jelly attached to you
                  | that may absorb incoming projectiles. [Jiyva's grace]
  5047 | D        | Lost mutation: You have very sharp teeth. [Jiyva's grace]
  5047 | D        | Gained mutation: Your muscles are strong. (Str +2) [Jiyva's
                  | grace]
  5054 | D        | Noticed a shadow dragon
  5055 | D        | Gained mutation: You have a small jelly attached to you
                  | that senses nearby items. [Jiyva's grace]
  5055 | D        | Lost mutation: Your muscles are strong. (Str +2) [Jiyva's
                  | grace]
  5056 | D        | Gained mutation: You are covered in slimy tendrils that may
                  | disarm your opponents. [Jiyva's grace]
  5071 | D        | Gained mutation: You are somewhat resistant to further
                  | mutation. [Jiyva's grace]
  5073 | D        | Killed a shadow dragon
  5073 | D        | Gained mutation: Your body has grown golden eyes which may
                  | confuse attackers. (Acc +3) [Jiyva's grace]
  5077 | D        | Killed a storm dragon
  5077 | D        | Reached skill level 5 in Stealth
  5087 | D        | Noticed a shadow dragon
  5104 | D        | Killed a shadow dragon
  5119 | D        | Lost mutation: You are somewhat resistant to further
                  | mutation. [Jiyva's grace]
  5120 | D        | Gained mutation: You are partially covered in rugged brown
                  | scales. (AC +1, +3% HP) [Jiyva's grace]
  5120 | D        | Lost mutation: You have acidic saliva. [Jiyva's grace]
  5127 | D        | Gained mutation: You tend to lose your temper in combat.
                  | [Jiyva's grace]
  5128 | D        | Gained mutation: You have very sharp teeth. [Jiyva's grace]
  5128 | D        | Lost mutation: Armour fits poorly on your large pseudopods.
                  | [Jiyva's grace]
  5128 | D        | Lost mutation: You are partially covered in rugged brown
                  | scales. (AC +1, +3% HP) [Jiyva's grace]
  5128 | D        | Lost mutation: You tend to lose your temper in combat.
                  | [Jiyva's grace]
  5128 | D        | Gained mutation: You are partially covered in slimy green
                  | scales. (AC +2) [Jiyva's grace]
  5129 | D        | Gained mutation: You possess an exceptional clarity of
                  | mind. [Jiyva's grace]
  5130 | D        | Gained mutation: Your spells are a little harder to cast,
                  | but a little more powerful. [Jiyva's grace]
  5131 | D        | Lost mutation: Armour fits poorly on your pseudopods.
                  | [Jiyva's grace]
  5131 | D        | Lost mutation: You are partially covered in slimy green
                  | scales. (AC +2) [Jiyva's grace]
  5141 | D        | Lost mutation: You possess an exceptional clarity of mind.
                  | [Jiyva's grace]
  5236 | D        | Noticed a shadow dragon
  5236 | D        | Noticed a shadow dragon
  5236 | D        | Noticed a tentacled monstrosity
  5236 | D        | Noticed a quicksilver dragon
  5236 | D        | Noticed a shadow dragon
  5237 | D        | Noticed a shadow dragon
  5240 | D        | Killed a shadow dragon
  5241 | D        | Noticed a shadow dragon
  5244 | D        | Killed a tentacled monstrosity
  5247 | D        | Killed a shadow dragon
  5247 | D        | Reached skill level 10 in Evocations
  5256 | D        | Killed a shadow dragon
  5269 | D        | Killed a shadow dragon
  5272 | D        | Lost mutation: Your spells are a little harder to cast, but
                  | a little more powerful. [Jiyva's grace]
  5272 | D        | Gained mutation: Your magical capacity is low. (-10% MP)
                  | [Jiyva's grace]
  5279 | D        | Killed a shadow dragon
  5281 | D        | Slimified a quicksilver dragon
  5281 | D        | a quicksilver dragon changed into an azure jelly
  5282 | D        | Gained mutation: You passively map a small area around you.
                  | [Jiyva's grace]
  5282 | D        | Gained mutation: Your muscles are strong. (Str +2) [Jiyva's
                  | grace]
  5282 | D        | Lost mutation: You are covered in slimy tendrils that may
                  | disarm your opponents. [Jiyva's grace]
  5564 | D        | Got a silver rune of Zot
  5564 | D        | Lost mutation: Your body has grown golden eyes which may
                  | confuse attackers. (Acc +3) [Jiyva's grace]
  5564 | D        | Lost mutation: You passively map a small area around you.
                  | [Jiyva's grace]
  5564 | D        | Gained mutation: You expend magic power (3 MP) to
                  | strengthen your wands. [Jiyva's grace]
  5570 | D        | Got a topaz-encrusted plate armour
  5570 | D        | Gained mutation: You have a pair of large horns on your
                  | head. [Jiyva's grace]
  5592 | D        | Identified the +1 plate armour of Okawaru's Castigation
                  | {Dex+4} (You found it in the Dungeon)
  5614 | D        | Noticed Frederick
  5624 | D        | Killed Frederick
  5643 | D        | Noticed Jory
  5647 | D        | Noticed Boris
  5652 | D        | Slimified Jory
  5652 | D        | Noticed Jory
  5652 | D        | Jory changed into Jory the death ooze
  5652 | D        | Lost mutation: You have very sharp teeth. [Jiyva's grace]
  5656 | D        | Killed Jory the death ooze
  5661 | D        | Killed Boris
  5664 | D        | Lost mutation: You have a pair of large horns on your head.
                  | [Jiyva's grace]
  5664 | D        | Lost mutation: You expend magic power (3 MP) to strengthen
                  | your wands. [Jiyva's grace]
  5664 | D        | Gained mutation: You have acidic saliva. [Jiyva's grace]
  5664 | D        | Lost mutation: Your muscles are strong. (Str +2) [Jiyva's
                  | grace]
  5800 | D        | Got the amulet of Qoecwudgh {RegenMP +Blink Int+4}
  5802 | D        | Got the amulet "Wine" {+Rage rPois Str-2 Dex+7}
  5804 | D        | Got the ring "Luliezxi" {rElec rC- rN++ Int+3 Dex+2}
  5806 | D        | Got the ring of Perfectionism {*Slow +Blink MP+9 EV+3}
  5808 | D        | Got the ring of Yredelemnul's Delight {rElec EV-5 Int+2}
  5823 | D        | Found the +10 large shield of Ignorance {rN+ Int-4}
  5972 | D        | Noticed Louise
  5987 | D        | Noticed Mennas
  5989 | D        | Killed Louise
  6019 | D        | Killed Mennas
  6019 | D        | Reached skill level 27 in Fighting
  6019 | D        | Reached skill level 27 in Armour
  6019 | D        | Reached XP level 17. HP: 173/191 MP: 22/22
  6208 | D        | Gained mutation: Your mind is acute. (Int +2) [Jiyva's
                  | grace]
  6210 | D        | Gained mutation: Your translucent skin slightly reduces
                  | your foes' accuracy. (Stealth) [Jiyva's grace]
  6211 | D        | Gained mutation: Your rubbery body absorbs attacks. (AC +1,
                  | EV +1) [Jiyva's grace]
  6211 | D        | Gained mutation: Armour fits poorly on your pseudopods.
                  | [Jiyva's grace]
  6212 | D        | Lost mutation: Armour fits poorly on your pseudopods.
                  | [Jiyva's grace]
  6213 | D        | Noticed a bone dragon
  6213 | D        | Noticed a bone dragon
  6213 | D        | Noticed a golden dragon
  6213 | D        | Gained mutation: You possess an exceptional clarity of
                  | mind. [Jiyva's grace]
  6213 | D        | Gained mutation: Armour fits poorly on your pseudopods.
                  | [Jiyva's grace]
  6213 | D        | Lost mutation: Your magical capacity is low. (-10% MP)
                  | [Jiyva's grace]
  6225 | D        | Killed a bone dragon
  6236 | D        | Killed a bone dragon
  6243 | D        | Killed a golden dragon
  6252 | D        | Lost mutation: Your mind is acute. (Int +2) [Jiyva's grace]
  6260 | D        | Gained mutation: Your body sometimes deteriorates upon
                  | taking damage. [Jiyva's grace]
  6260 | D        | Gained mutation: You expend magic power (3 MP) to
                  | strengthen your wands. [Jiyva's grace]
  6260 | D        | Gained mutation: You have a pair of large horns on your
                  | head. [Jiyva's grace]
  6263 | D        | Gained mutation: You are agile. (Dex +2) [Jiyva's grace]
  6265 | D        | Gained mutation: Your mind is acute. (Int +2) [Jiyva's
                  | grace]
  6277 | D        | Gained mutation: You are covered in fur. (AC +1) [Jiyva's
                  | grace]
  6282 | D        | Gained mutation: You have a beak for a mouth. [Jiyva's
                  | grace]
  6282 | D        | Lost mutation: Your translucent skin slightly reduces your
                  | foes' accuracy. (Stealth) [Jiyva's grace]
  6307 | D        | Gained mutation: Your natural rate of healing is unusually
                  | fast. [Jiyva's grace]
  6308 | D        | Gained mutation: You are covered in slimy tendrils that may
                  | disarm your opponents. [Jiyva's grace]
  6313 | D        | Lost mutation: You are covered in fur. (AC +1) [Jiyva's
                  | grace]
  6313 | D        | Gained mutation: You have sharp toenails. [Jiyva's grace]
  6324 | D        | Gained mutation: You are resistant to hostile enchantments.
                  | (MR+) [Jiyva's grace]
  6324 | D        | Gained mutation: Armour fits poorly on your large
                  | pseudopods. [Jiyva's grace]
  6331 | D        | Lost mutation: You have sharp toenails. [Jiyva's grace]
  6331 | D        | Gained mutation: Your muscles are strong. (Str +2) [Jiyva's
                  | grace]
  6332 | D        | Gained mutation: Your flesh is heat resistant. (rF+)
                  | [Jiyva's grace]
  6335 | D        | Reached skill level 15 in Evocations
  6345 | D        | Lost mutation: You expend magic power (3 MP) to strengthen
                  | your wands. [Jiyva's grace]
  6354 | D        | Lost mutation: Your mind is acute. (Int +2) [Jiyva's grace]
  6354 | D        | Lost mutation: Your body sometimes deteriorates upon taking
                  | damage. [Jiyva's grace]
  6379 | D        | Gained mutation: Your translucent skin slightly reduces
                  | your foes' accuracy. (Stealth) [Jiyva's grace]
  6412 | D        | Lost mutation: You possess an exceptional clarity of mind.
                  | [Jiyva's grace]
  6429 | D        | Gained mutation: Your muscles are very strong. (Str +4)
                  | [Jiyva's grace]
  6433 | D        | Gained mutation: You have sharp toenails. [Jiyva's grace]
  6434 | D        | Noticed a curse toe
  6442 | D        | Lost mutation: You have a pair of large horns on your head.
                  | [Jiyva's grace]
  6445 | D        | Killed a curse toe
  6454 | D        | Reached skill level 27 in Shields
  6467 | D        | Gained mutation: You expend magic power (3 MP) to
                  | strengthen your wands. [Jiyva's grace]
  6483 | D        | Lost mutation: You are resistant to hostile enchantments.
                  | (MR+) [Jiyva's grace]
  6483 | D        | Lost mutation: You are agile. (Dex +2) [Jiyva's grace]
  6483 | D        | Lost mutation: You have sharp toenails. [Jiyva's grace]
  6569 | D        | Lost mutation: Your flesh is heat resistant. (rF+) [Jiyva's
                  | grace]
  6569 | D        | Gained mutation: You evolve. [Jiyva's grace]
  6572 | D        | Lost mutation: Your muscles are very strong. (Str +4)
                  | [Jiyva's grace]
  6572 | D        | Gained mutation: Armour fits poorly on your massive
                  | pseudopods. [Jiyva's grace]
  6572 | D        | Gained mutation: Your translucent skin reduces your foes'
                  | accuracy. (Stealth) [Jiyva's grace]
  6572 | D        | Gained mutation: You rapidly evolve. [Jiyva's grace]
  6593 | D        | Gained mutation: You are agile. (Dex +2) [Jiyva's grace]
  6594 | D        | Lost mutation: Your natural rate of healing is unusually
                  | fast. [Jiyva's grace]
  6594 | D        | Gained mutation: Your transparent skin significantly
                  | reduces your foes' accuracy. (Stealth) [Jiyva's grace]
  6642 | D        | Gained mutation: Your system is resistant to poisons.
                  | (rPois) [evolution]
  6747 | D        | Noticed an Orb Guardian
  6747 | D        | Noticed an Orb Guardian
  6747 | D        | Noticed an Orb Guardian
  6747 | D        | Noticed an Orb Guardian
  6747 | D        | Noticed an Orb Guardian
  6751 | D        | Killed an Orb Guardian
  6756 | D        | Killed an Orb Guardian
  6756 | D        | Reached XP level 18. HP: 194/200 MP: 30/30
  6761 | D        | Killed an Orb Guardian
  6765 | D        | Killed an Orb Guardian
  6765 | D        | Reached skill level 27 in Dodging
  6770 | D        | Killed an Orb Guardian
  6771 | D        | Noticed an Orb Guardian
  6772 | D        | Noticed an Orb Guardian
  6773 | D        | Noticed an Orb Guardian
  6777 | D        | Killed an Orb Guardian
  6781 | D        | Killed an Orb Guardian
  6782 | D        | Noticed an Orb Guardian
  6787 | D        | Killed an Orb Guardian
  6793 | D        | Killed an Orb Guardian
  6801 | D        | Noticed an Orb Guardian
  6801 | D        | Noticed an Orb Guardian
  6802 | D        | Noticed an Orb Guardian
  6805 | D        | Noticed an Orb Guardian
  6806 | D        | Slimified an Orb Guardian
  6806 | D        | an Orb Guardian changed into an acid blob
  6809 | D        | Slimified an Orb Guardian
  6809 | D        | an Orb Guardian changed into an azure jelly
  6823 | D        | Slimified an Orb Guardian
  6823 | D        | an Orb Guardian changed into an azure jelly
  6826 | D        | Slimified an Orb Guardian
  6826 | D        | an Orb Guardian changed into an azure jelly
  6827 | D        | Lost mutation: You expend magic power (3 MP) to strengthen
                  | your wands. [Jiyva's grace]
  6827 | D        | Lost mutation: Your rubbery body absorbs attacks. (AC +1,
                  | EV +1) [Jiyva's grace]
  6869 | D        | Killed Lom Lobon
  6874 | D        | Noticed an ancient lich
  6883 | D        | Killed an ancient lich
  6919 | D        | Noticed an orb of fire
  6931 | D        | Gained mutation: You are frail. (-10% HP) [an orb of fire]
  6933 | D        | Killed from afar by an orb of fire

Skill      XL: |  1  2  3  4  5  6  7  8  9 10 11 12 13 14 15 16 17 18 |
---------------+-------------------------------------------------------+-----
Axes           | 5 10 12 14 15 16 17 19 20 21 23 25 27 | 27.0
Fighting       | 8 10 12 14 16 18 20 22 24 27 | 27.0
Armour         | 8 10 12 14 16 18 20 22 24 27 | 27.0
Dodging        | 4 6 7 9 10 12 13 16 19 21 26 27 | 27.0
Shields        | 6 7 9 10 12 13 15 17 20 23 27 | 27.0
Evocations     | 3 7 12 18 23 | 23.2
Stealth        | 8 |  8.9

Action                   |  1- 3 |  4- 6 |  7- 9 | 10-12 | 13-15 | 16-18 || total
-------------------------+-------+-------+-------+-------+-------+-------++-------
Melee: War axe           |    10 |     3 |       |       |       |       ||    13
       Headbutt          |     1 |     3 |    15 |    65 |   126 |   145 ||   355
       Broad axe         |       |    10 |    68 |   240 |   436 |   521 ||  1275
       Pseudopods        |       |       |       |    55 |    78 |   130 ||   263
       Bite              |       |       |       |     6 |    39 |   102 ||   147
       Peck              |       |       |       |       |       |    62 ||    62
Invok: Slimify           |       |       |     2 |     4 |     4 |    13 ||    23
       Request Jelly     |       |       |       |     2 |     9 |     1 ||    12
       Cure Bad Mutation |       |       |       |     1 |     1 |       ||     2
Evoke: Wand              |       |     3 |       |     7 |       |       ||    10
  Use: Potion            |     1 |       |       |     2 |     5 |     9 ||    17
       Scroll            |       |       |     4 |       |     3 |     1 ||     8
 Stab: Confused          |       |       |       |       |       |     3 ||     3
Armor: Scale mail        |     8 |       |       |       |       |       ||     8
       Ring mail         |       |     3 |     7 |    11 |       |       ||    21
       Plate armour      |       |       |       |    26 |   122 |    82 ||   230
Dodge: Dodged            |     2 |     5 |    15 |    63 |   196 |   112 ||   393
Block: Shield            |     2 |     1 |    29 |    79 |   244 |     8 ||   363
       Large shield      |       |       |       |       |       |   378 ||   378
